Match 46780023
Unlisted

Match 46780023
End
Pioneer Squad
Construct Infanterie Kompanie
MG 42 Machine Gun Team
Selects Breakthrough Battlegroup
Grenadier Squad
Medical Station
Construct Luftwaffe Kompanie
Flak 30 Anti-aircraft Gun Team
Jäger Squad
Jäger Squad
Selects Assault Grenadiers
Selects Rapid Production
Luftwaffe Officer Quarters
Support Elements
Marder III M Tank Destroyer
Construct Panzergrenadier Kompanie
Nebelwerfer 42 Rocket Launcher Team
Jäger Squad
Selects Blitzkrieg
Construct Panzer Kompanie
Selects Breakthrough
Breakthrough
Panzer IV Medium Tank
Panzer Officer Quarters
MG 42 Bunker
Selects Tiger Heavy Tank
Tiger Heavy Tank
Breakthrough
BlueSkidrow™ Legion
Ashur
Stana
aSIIDemolitionHammer
0
0

Comments sign in to comment!

No comments posted yet!